 Dungeon Crawl Stone Soup version 0.28.0 (webtiles) character file.

Game seed: 7591358135438246059

107841 Strat the Severer (level 16, -7/226 HPs)
             Began as a Minotaur Berserker on Feb 17, 2022.
             Was the Champion of Trog.
             Shot with a bolt by a yaktaur (8 damage)
             ... on level 14 of the Dungeon.
             The game lasted 00:38:37 (27442 turns).

Strat the Severer (Minotaur Berserker)             Turns: 27442, Time: 00:38:39

Health: -7/226     AC: 26    Str: 28    XL:     16   Next: 1%
Magic:  15/15      EV: 16    Int:  8    God:    Trog [******]
Gold:   1940       SH:  0    Dex: 13    Spells: 15/15 levels left

rFire   . . .      SeeInvis +   a - +12 battleaxe of False Hope {flame, rN++ SInv}
rCold   . . .      Faith    .   (shield currently unavailable)
rNeg    + + .      Spirit   .   W - +1 plate armour {Will+}
rPois   +          Reflect  .   C - +3 crown of Dyrovepreva {rElec Int+2 SInv}
rElec   +          Harm     .   G - +1 cloak
rCorr   .          Rampage  .   f - +1 pair of gloves
Will    +++..                   i - +0 pair of boots
Stlth   ..........              o - amulet of magic regeneration
HPRegen 0.47/turn               j - +4 ring of evasion
MPRegen 0.54/turn               Y - ring "Dyedghea" {rPois Will+ Dex+3 Stlth+}

@: berserking, very quick
A: horns 2, retaliatory headbutt
a: Renounce Religion, Berserk, Trog's Hand, Brothers in Arms


You were on level 14 of the Dungeon.
You worshipped Trog.
Trog was exalted by your worship.
You visited 3 branches of the dungeon, and saw 22 of its levels.
You also visited: Gauntlet and Ice Cave.

You collected 1991 gold pieces.
You spent 51 gold pieces at shops.

Inventory:

Hand Weapons
 a - the +12 battleaxe of False Hope (weapon) {flame, rN++ SInv}
   (Trog gifted it to you on level 1 of the Lair of Beasts)

   It burns those it strikes, dealing additional fire damage.
   Big, fiery blades are also staple armaments of hydra-hunters.
   rN:        It greatly protects you from negative energy.
   SInv:      It lets you see invisible.
 b - a +4 antimagic executioner's axe
 c - a +7 vorpal broad axe
Missiles
 g - 445 stones (quivered)
 F - 2 throwing nets
 N - 8 javelins
Armour
 f - a +1 pair of gloves (worn)
 i - a +0 pair of boots (worn)
 C - the +3 crown of Dyrovepreva (worn) {rElec Int+2 SInv}
   (You found it on level 4 of the Lair of Beasts)

   Int:       It affects your intelligence (+2).
   rElec:     It insulates you from electricity.
   SInv:      It lets you see invisible.
 G - a +1 cloak (worn)
 W - a +1 plate armour of willpower (worn)
Jewellery
 j - a +4 ring of evasion (left hand)
 n - an amulet of faith
 o - an amulet of magic regeneration (around neck)
 p - a ring of positive energy
 q - a ring of ice
 Q - a +4 ring of protection
 Y - the ring "Dyedghea" (right hand) {rPois Will+ Dex+3 Stlth+}
   (You found it in a Gauntlet)

   [ring of poison resistance]

   Dex:       It affects your dexterity (+3).
   rPois:     It protects you from poison.
   Will:      It increases your willpower.
   Stlth:     It makes you more stealthy.
 Z - a ring of resist corrosion
Wands
 d - a wand of charming (6)
 r - a wand of acid (4)
 v - a wand of polymorph (18)
 y - a wand of iceblast (4)
 A - a wand of mindburst (3)
 E - a wand of digging (5)
Scrolls
 m - a scroll of silence
 H - 4 scrolls of holy word
 I - 4 scrolls of teleportation
 K - 3 scrolls of enchant armour
 M - a scroll of magic mapping
 O - 4 scrolls of fog
 S - 3 scrolls of blinking
 U - 5 scrolls of identify
Potions
 e - 2 potions of might
 h - a potion of invisibility
 l - 9 potions of curing
 t - 2 potions of mutation
 u - 5 potions of flight
 x - 3 potions of cancellation
 z - 2 potions of attraction {unknown}
 B - a potion of ambrosia
 D - 2 potions of resistance
 J - 2 potions of berserk rage
 P - 3 potions of haste {unknown}
 T - a potion of degeneration {unknown}
 V - a potion of heal wounds
Miscellaneous
 R - a phantom mirror


   Skills:
 + Level 16.3 Fighting
 - Level 20.0 Axes
 - Level 10.0 Throwing
 + Level 12.0 Armour
 - Level 10.0 Dodging
 + Level 11.2 Evocations


You had 15 spell levels left.
You didn't know any spells.
Your spell library was empty.

Dungeon Overview and Level Annotations

Branches:
Dungeon (14/15)            Temple (0/1) D:4            Lair (6/6) D:8
  Swamp (0/4) Lair:4       Spider (0/4) Lair:4        Slime (0/5) Lair:5
    Orc (2/2) D:10            Elf (0/3) Orc:2         IceCv (visited)
Gauntlet (visited)
 Vaults: D:13-14

Altars:
Elyvilon
Fedhas
Hepliaklqana
Kikubaaqudgha
Okawaru
Sif Muna
Uskayaw
Xom
Yredelemnul
Lugonu

Shops:
D:6 [   D:11 (:   D:12 =   Orc:2 **(:

Portals:
Abyss: Lair:6
Pandemonium: Orc:2

Annotations:
D:2 1 runed translucent door, Crazy Yiuf
Lair:2 2 transporters
Lair:3 1 runed translucent door, Luuwnalu's ghost, journeyman KoHu


Innate Abilities, Weirdness & Mutations

You have a pair of horns on your head.
You reflexively headbutt those who attack you in melee.


Message History

You burn the skeletal warrior. The yaktaur misses you.
The skeletal warrior hits you with a +0 trident!
* * * LOW HITPOINT WARNING * * *
You carve the yaktaur like a ham!!! You burn the yaktaur.
You kill the yaktaur!
Trog accepts your kill.
You slash the skeletal warrior! You burn the skeletal warrior.
The yaktaur wields a +0 arbalest.
The yaktaur shoots a bolt.
The bolt barely misses you.
The yaktaur wields a +1 vorpal arbalest.
The yaktaur shoots a bolt.
The bolt closely misses you.
You have reached level 16!
You feel stronger.
A red film seems to cover your vision as you go berserk!
You feel yourself moving faster!
You feel mighty!
A meliai comes into view. It is wielding a +0 hand axe.
The skeletal warrior hits you with a +0 trident!!
* * * LOW HITPOINT WARNING * * *
The meliai buzzes angrily.
You hit the skeletal warrior. You burn the skeletal warrior.
The skeletal warrior is heavily damaged.
The yaktaur shoots a bolt.
The bolt hits you!!
* * * LOW HITPOINT WARNING * * *
x2 The skeletal warrior hits you with a +0 trident.
* * * LOW HITPOINT WARNING * * *
You chop the skeletal warrior into pieces!!!
You burn the skeletal warrior.
You destroy the skeletal warrior!
Trog accepts your kill.
The meliai mumbles some strange prayers to its god against you.
Something smites you!
* * * LOW HITPOINT WARNING * * *
Your Armour skill increases to level 12!
The yaktaur shoots a bolt.
The bolt hits you but does no damage.
You feel a strong urge to attack something.
The yaktaur shoots a bolt.
The bolt hits you.
* * * LOW HITPOINT WARNING * * *
The yaktaur shoots a bolt.
The bolt hits you!!
* * * LOW HITPOINT WARNING * * *
You die...

######.
######)..c...
#>...))cy..'.
#.#@##)....#.
#.#.# ######
#.#.# #.#.#
#.#p#######
#..........
###.#######
#.# #.#


You could see 2 yaktaurs, a meliai and a neutral human (wandering).

Vanquished Creatures
  Jorgrun (D:14)
  Frances (D:14)
  Kirke (D:14)
  A dire elephant (Gauntlet)
  A minotaur (Gauntlet)
  10 hydras
  3 demonspawn (Orc:2)
  3 two-headed ogres
  2 boulder beetles
  10 death yaks
  3 catoblepae
  2 centaur warriors
  A death knight (D:12)
  A tengu warrior (D:13)
  4 thrashing horrors
  13 spriggans
  5 orc high priests (Orc:2)
  6 skeletal warriors
  A soul eater (Gauntlet)
  A sixfirhy (Gauntlet)
  2 large abominations (Lair:6)
  2 phantasmal warriors (D:12)
  5 orc knights (Orc:2)
  A deep elf pyromancer (D:12)
  4 ugly things
  3 cyclopes
  8 orc sorcerers (Orc:2)
  A manticore (D:13)
  11 elephants
  Maurice (D:12)
  7 black mambas
  Maggie (Lair:2)
  3 orange demons (Orc:2)
  Joseph (D:10)
  15 cane toads
  3 smoke demons (Lair:6)
  A cane toad (shapeshifter) (Lair:6)
  A gargoyle (D:13)
  2 torpor snails
  Psyche (D:8)
  2 rime drakes
  7 komodo dragons
  8 ice devils (IceCv)
  2 yaktaurs (D:14)
  An ancient zyme (Lair:6)
  4 freezing wraiths
  2 entropy weaver simulacra (IceCv)
  An anaconda simulacrum (IceCv)
  A hellwing (Orc:2)
  2 polar bears
  A wind drake (shapeshifter) (Lair:6)
  2 meliai
  5 trolls
  A tyrant leech (Lair:4)
  4 hornets
  6 slime creatures
  5 dream sheep (Lair:6)
  28 blink frogs
  12 flying skulls (Gauntlet)
  A jumping spider (shapeshifter) (Lair:6)
  A centaur simulacrum (D:14)
  4 dire elephant simulacra (IceCv)
  A vampire (D:11)
  2 wyverns
  39 yaks
  11 basilisks
  A golden eye (shapeshifter) (Lair:6)
  4 steam dragons
  3 death yak simulacra (IceCv)
  2 wargs (Orc:2)
  12 water moccasins
  12 small abominations
  32 orc warriors
  An ice beast (D:8)
  3 sky beasts
  A swamp drake (shapeshifter) (Lair:6)
  A black bear (Lair:3)
  3 boggarts (Lair:3)
  9 ogres
  A necrophage (D:4)
  24 wolves
  4 centaurs
  Blork the orc (D:4)
  A kobold brigand (D:10)
  22 bullfrogs
  4 cane toad simulacra (IceCv)
  2 gnoll sergeants
  A two-headed ogre simulacrum (IceCv)
  4 scorpions
  5 elephant simulacra (IceCv)
  16 killer bees
  3 howler monkeys
  2 centaur zombies
  A bullfrog zombie (D:4)
  3 jellies
  23 orc priests
  6 hounds
  2 gnoll shamans
  4 iguanas
  A centaur skeleton (D:4)
  Ijyb (D:5)
  16 orc wizards
  3 polar bear simulacra (IceCv)
  4 hell rats (Lair:3)
  A spriggan simulacrum (IceCv)
  2 wolf simulacra (IceCv)
  A hound zombie (D:4)
  A hound skeleton (D:5)
  18 gnolls
  2 naga simulacra (IceCv)
  8 adders
  6 shadow imps
  4 white imps
  4 ufetubi
  An adder skeleton (D:4)
  2 worms (D:2)
  3 dart slugs
  61 orcs
  3 bats
  8 endoplasms
  4 giant cockroaches
  4 goblins
  6 hobgoblins
  3 jackals (D:1)
  8 kobolds
  4 quokkas
  8 ball pythons
  3 frilled lizards
  4 rats
703 creatures vanquished.

Vanquished Creatures (others)
  5 dream sheep (D:8)
  2 humans (D:14)
  A killer bee (D:9)
  An orc wizard (D:8)
  18 fungi
  33 plants
  3 toadstools (D:5)
63 creatures vanquished.

Grand Total: 766 creatures vanquished

Notes
Turn   | Place    | Note
-------+----------+-------------------------------------------
     0 | D:1      | Strat the Minotaur Berserker began the quest for the Orb.
     0 | D:1      | Reached XP level 1. HP: 19/19 MP: 0/0
   374 | D:1      | Reached XP level 2. HP: 24/27 MP: 1/1
   550 | D:1      | Reached skill level 4 in Axes
   632 | D:1      | Reached XP level 3. HP: 33/33 MP: 2/2
  1010 | D:2      | Found a faded altar of an unknown god.
  1084 | D:2      | Found a runed translucent door.
  1085 | D:2      | Noticed Crazy Yiuf
  1522 | D:2      | Reached ** piety under Trog
  1693 | D:2      | Found a hazy altar of Hepliaklqana.
  1881 | D:3      | Reached skill level 5 in Axes
  1881 | D:3      | Reached XP level 4. HP: 21/40 MP: 3/3
  2338 | D:3      | Reached XP level 5. HP: 46/46 MP: 4/4
  2437 | D:3      | Reached skill level 6 in Axes
  2799 | D:4      | Found a staircase to the Ecumenical Temple.
  2919 | D:4      | Noticed an ogre
  3031 | D:4      | Noticed an ogre
  3041 | D:4      | Killed an ogre
  3042 | D:4      | Reached skill level 7 in Axes
  3042 | D:4      | Reached XP level 6. HP: 52/52 MP: 5/5
  3054 | D:4      | Found a white marble altar of Elyvilon.
  3334 | D:4      | Found a basalt altar of Yredelemnul.
  3371 | D:4      | Reached skill level 8 in Axes
  3402 | D:4      | Noticed Blork the orc
  3441 | D:4      | Killed Blork the orc
  3579 | D:4      | Reached skill level 9 in Axes
  3579 | D:4      | Reached XP level 7. HP: 59/59 MP: 6/6
  4144 | D:5      | Entered Level 5 of the Dungeon
  4315 | D:5      | Reached skill level 5 in Fighting
  4744 | D:5      | Noticed Ijyb
  4753 | D:5      | Killed Ijyb
  4805 | D:5      | Reached XP level 8. HP: 70/70 MP: 7/7
  4851 | D:5      | Reached skill level 5 in Armour
  4957 | D:5      | Reached skill level 10 in Fighting
  4957 | D:5      | Reached skill level 12 in Axes
  4957 | D:5      | Reached XP level 9. HP: 86/86 MP: 8/8
  4987 | D:5      | Identified the +1 leather armour of Grace {Regen+}
  5376 | D:6      | Reached skill level 10 in Armour
  5563 | D:6      | Reached skill level 13 in Axes
  5816 | D:6      | Found Vyelof's Armour Shoppe.
  6174 | D:6      | Reached *** piety under Trog
  6517 | D:7      | Reached skill level 14 in Axes
  6864 | D:7      | Reached skill level 1 in Evocations
  6958 | D:7      | Noticed a cyclops
  6967 | D:7      | Killed a cyclops
  6968 | D:7      | Reached XP level 10. HP: 73/94 MP: 9/9
  7282 | D:8      | Noticed Psyche
  7298 | D:8      | Killed Psyche
  7351 | D:8      | Found a staircase to the Lair.
  7353 | D:8      | Noticed a death yak
  7353 | D:8      | Noticed a death yak
  7353 | D:8      | Noticed a death yak
  7353 | D:8      | Noticed a death yak
  7353 | D:8      | Noticed a death yak
  7389 | D:8      | Killed a death yak
  7391 | D:8      | Killed a death yak
  7530 | D:8      | Found a shimmering altar of Xom.
  7816 | D:8      | Found an ancient bone altar of Kikubaaqudgha.
  7843 | D:8      | Killed a death yak
  7844 | D:8      | Killed a death yak
  7849 | D:8      | Killed a death yak
  7850 | D:8      | Reached skill level 15 in Axes
  7850 | D:8      | Reached XP level 11. HP: 18/104 MP: 10/10
  9073 | D:9      | Reached **** piety under Trog
  9367 | D:9      | Found a hide-covered altar of Uskayaw.
  9368 | D:9      | Found an iron altar of Okawaru.
  9600 | D:10     | Entered Level 10 of the Dungeon
  9651 | D:10     | Noticed a two-headed ogre
  9708 | D:10     | Killed a two-headed ogre
  9722 | D:10     | Reached skill level 5 in Evocations
  9724 | D:10     | Identified the +2 leather armour "Nat Ukuc" {rElec rN+
                  | Regen+ MP+9}
  9930 | D:10     | Found a staircase to the Orcish Mines.
 10069 | D:10     | Noticed Joseph
 10074 | D:10     | Killed Joseph
 10265 | Orc:1    | Entered Level 1 of the Orcish Mines
 10269 | Orc:1    | Noticed a two-headed ogre
 10334 | Lair:1   | Entered Level 1 of the Lair of Beasts
 10548 | Lair:1   | Noticed a six-headed hydra
 10554 | Lair:1   | Killed a six-headed hydra
 10838 | Lair:1   | Reached ***** piety under Trog
 10851 | Lair:1   | Noticed a spriggan rider
 10986 | Lair:1   | Noticed a six-headed hydra
 11023 | Lair:1   | Reached skill level 16 in Axes
 11586 | Lair:1   | Killed a spriggan rider
 11586 | Lair:1   | Identified the +12 battleaxe of False Hope {flame, rN++
                  | SInv} (Trog gifted it to you on level 1 of the Lair of
                  | Beasts)
 11586 | Lair:1   | Received a gift from Trog
 11587 | Lair:1   | Reached XP level 12. HP: 91/115 MP: 11/11
 11759 | Lair:1   | Killed a four-headed hydra
 11930 | Lair:2   | Noticed a death yak
 11936 | Lair:2   | Found a transporter.
 11936 | Lair:2   | Noticed a boulder beetle
 11937 | Lair:2   | Found a transporter.
 11948 | Lair:2   | Killed a death yak
 11949 | Lair:2   | Noticed a death yak
 11949 | Lair:2   | Noticed a death yak
 11954 | Lair:2   | Noticed a death yak
 11960 | Lair:2   | Killed a death yak
 11964 | Lair:2   | Killed a death yak
 11972 | Lair:2   | Killed a death yak
 12102 | Lair:2   | Noticed an eight-headed hydra
 12310 | Lair:2   | Killed a six-headed hydra
 12628 | Lair:2   | Noticed Maggie
 12643 | Lair:2   | Killed Maggie
 12644 | Lair:2   | Reached skill level 17 in Axes
 13746 | Lair:3   | Noticed a death yak
 13750 | Lair:3   | Reached XP level 13. HP: 125/125 MP: 12/12
 13773 | Lair:3   | Found a frozen archway.
 13821 | Lair:3   | Reached skill level 15 in Fighting
 13835 | IceCv    | Entered an ice cave
 14410 | IceCv    | Found an ancient bone altar of Kikubaaqudgha.
 14841 | IceCv    | Reached skill level 5 in Dodging
 15375 | Lair:3   | Found a runed translucent door.
 15509 | Lair:3   | Reached skill level 18 in Axes
 16252 | Lair:3   | Received a gift from Trog
 16332 | Lair:3   | Identified the +7 spear "Fasohom" {venom, Fragile +Blink
                  | rElec Dex+4}
 16338 | Lair:3   | Noticed Luuwnalu's ghost (journeyman KoHu)
 16520 | Lair:4   | Found a hole to the Spider Nest.
 16707 | Lair:4   | Reached skill level 10 in Evocations
 16888 | Lair:4   | Found the +3 crown of Dyrovepreva {rElec Int+2 SInv}
 16940 | Lair:4   | Reached skill level 1 in Throwing
 17314 | Lair:4   | Found a staircase to the Swamp.
 17514 | Lair:5   | Found a staircase to the Slime Pits.
 17664 | Lair:5   | Reached XP level 14. HP: 135/135 MP: 13/13
 18384 | Lair:6   | Entered Level 6 of the Lair of Beasts
 18682 | Lair:6   | Reached skill level 19 in Axes
 19100 | Lair:6   | Reached ****** piety under Trog
 19209 | Lair:6   | Received a gift from Trog
 19221 | Lair:6   | Identified the +5 scale mail "Likaocui" {rF+ Str-4 Dex+4}
 19307 | Lair:6   | Reached skill level 5 in Throwing
 20500 | Lair:6   | Reached skill level 10 in Dodging
 20552 | Lair:6   | Found a corrupted altar of Lugonu.
 20552 | Lair:6   | Found a one-way gate to the infinite horrors of the Abyss.
 21560 | Orc:2    | Entered Level 2 of the Orcish Mines
 21560 | Orc:2    | Found a staircase to the Elven Halls.
 21972 | Orc:2    | Found a shimmering blue altar of Sif Muna.
 22064 | Orc:2    | Received a gift from Trog
 22530 | Orc:2    | Found Acaighu's General Store.
 22544 | Orc:2    | Reached skill level 20 in Axes
 22589 | Orc:2    | Found Unuism's General Store.
 22613 | Orc:2    | Bought a scroll of teleportation for 51 gold pieces
 22768 | Orc:2    | Reached XP level 15. HP: 128/141 MP: 14/14
 23132 | Orc:2    | Found Ziphav Nach's Book Boutique.
 23132 | Orc:2    | Found Huos Sept's Antique Weapon Shop.
 23133 | Orc:2    | Found a one-way gate leading to the halls of Pandemonium.
 23297 | Orc:2    | Found Xeahu's Weapon Emporium.
 23306 | Orc:2    | Received a gift from Trog
 23690 | D:11     | Found a gate leading to a gauntlet.
 23720 | Gauntlet | Entered a Gauntlet
 23720 | Gauntlet | Found a transporter.
 23723 | Gauntlet | Found a transporter.
 23729 | Gauntlet | Reached skill level 10 in Throwing
 23730 | Gauntlet | Found a transporter.
 23731 | Gauntlet | Found a transporter.
 23745 | Gauntlet | Found a transporter.
 23745 | Gauntlet | Found a transporter.
 23752 | Gauntlet | Found a transporter.
 23768 | Gauntlet | Found a transporter.
 23768 | Gauntlet | Found a transporter.
 23768 | Gauntlet | Found a transporter.
 23883 | Gauntlet | Found a transporter.
 23883 | Gauntlet | Found a transporter.
 23883 | Gauntlet | Found a transporter.
 23973 | Gauntlet | Found a runed translucent door.
 23974 | Gauntlet | Found a transporter.
 23997 | Gauntlet | Identified the ring "Dyedghea" {rPois Will+ Dex+3 Stlth+}
 24014 | Gauntlet | Identified the -4 kite shield "Bys Ker" {Int+4}
 24254 | D:11     | Found Gipughij's Book Emporium.
 24283 | D:11     | Found Ehiurroi's Weapon Shop.
 24607 | D:12     | Found Notwel's Jewellery Shop.
 24782 | D:12     | Noticed Maurice
 24789 | D:12     | Killed Maurice
 24981 | D:12     | Received a gift from Trog
 25364 | D:13     | Found a blossoming altar of Fedhas.
 26757 | D:14     | Noticed Jorgrun
 26763 | D:14     | Killed Jorgrun
 27084 | D:14     | Noticed Frances
 27098 | D:14     | Killed Frances
 27400 | D:14     | Noticed Kirke
 27407 | D:14     | Noticed a sphinx
 27408 | D:14     | Killed Kirke
 27438 | D:14     | Reached XP level 16. HP: 62/151 MP: 15/15
 27442 | D:14     | HP: 1/226 [yaktaur/bolt (27)]
 27442 | D:14     | Shot with a bolt by a yaktaur

Illustrated notes

Levels and vault maps discovered:
D:1:      giann_wishing_wells, layout_basic
D:2:      layout_loops_ring, basic_altar, hellmonk_ecumenical_altar_run_dry,
          chequers_serial_rivers_room_a, uniq_crazy_yiuf_cottage
D:3:      layout_loops_ring, chequers_serial_rivers_micro_c
D:4:      nicolae_cairo_tiling_large, layout_basic, elyvilon_altar_4,
          lemuel_zombie_altar_yredelemnul, minmay_temple_entry_glassed_door,
          hangedman_decor_riveting, uniq_blork_the_orc
D:5:      cheibrodos_iron_armory, layout_loops_corners,
          chequers_serial_rivers_micro_e, amcnicky_mini_pool_small,
          minmay_gold_behind_fungi, uniq_ijyb
D:6:      layout_gridville, serial_shops, shop, kennysheep_generic_room_9
D:7:      layout_gridville
D:8:      layout_gridville, overflow_temple_1_default, kb_xom_exploding_sheep,
          dpeg_lair_monsters, serial_glass, glass_columns_c, glass_columns_a,
          minmay_strange_pillars, minmay_strange_pillars,
          minmay_misc_feat_ornament, uniq_psyche
D:9:      layout_cave_pods, gammafunk_temple_overflow_statue,
          kennysheep_flooded_box
D:10:     layout_basic, orc_0_dummy, uniq_joseph
D:11:     layout_cave_pools, serial_shops, nicolae_shop_hallway_stairs,
          nicolae_shop_hallway_plus, gauntlet_entry_generic
D:12:     layout_basic, serial_shops, shop, uniq_maurice
D:13:     layout_loops_corners, fedhas_altar_3
D:14:     layout_basic, lightli_vaults_fourway_checkpoint,
          hangedman_decor_growths, enter_trove_0, nicolae_alphabet_shops,
          uniq_jorgrun, uniq_azrael, uniq_frances, uniq_kirke
Lair:1:   hellmonk_warped_wall, layout_cave_pods, grunt_forest_large_clearings,
          infiniplex_staircase_pool
Lair:2:   gammafunk_boulding_lane, layout_cave_pods, lemuel_fruit_tree,
          uniq_maggie
Lair:3:   kb_forest_paths, layout_regular_city, portal_ice_cave_entry_pillars_2,
          ebering_ghost_funeral_grove, serial_bayou_pond_d
Lair:4:   layout_long_grid, minmay_swamp_entry_worms,
          hellmonk_spider_entry_not_the_bees
Lair:5:   layout_loops_ring, minmay_slime_entry_pillars
Lair:6:   hellmonk_lair_end_abyssal_woods, layout_cave_pods,
          nicolae_quartered_pool_impasse, chequers_serial_rivers_micro_e,
          serial_bayou_shore_a, grunt_megastairs_1
Orc:1:    layout_caves
Orc:2:    pf_orc_diabolical, layout_diamond_mine, serial_shops,
          nicolae_square_shop, nicolae_orc_lava_tube, kennysheep_orc_sif_temple

Skill      XL: |  1  2  3  4  5  6  7  8  9 10 11 12 13 14 15 16 |
---------------+-------------------------------------------------+-----
Fighting       | 4 5 10 11 13 14 15 16 | 16.3
Axes           | 4 5 7 9 12 14 15 16 17 18 20 | 20.0
Armour         | 3 4 9 10 11 12 | 12.0
Evocations     | 1 4 6 8 10 11 | 11.2
Dodging        | 3 7 10 | 10.0
Throwing       | 2 7 10 | 10.0

Action                   |  1- 3 |  4- 6 |  7- 9 | 10-12 | 13-15 | 16-18 || total
-------------------------+-------+-------+-------+-------+-------+-------++-------
Melee: Hand axe          |    99 |   116 |   194 |       |       |       ||   409
       Headbutt          |    13 |    20 |    40 |    64 |   182 |       ||   319
       Punch             |       |     2 |     1 |       |       |       ||     3
       Battleaxe         |       |       |    15 |   363 |   838 |     2 ||  1218
       Morningstar       |       |       |       |     1 |       |       ||     1
       Executioner's axe |       |       |       |       |     9 |       ||     9
Throw: Stone             |       |       |     4 |       |       |       ||     4
Invok: Berserk           |       |     1 |     2 |     5 |     2 |     1 ||    11
Evoke: Wand              |       |       |       |     7 |     3 |       ||    10
  Use: Scroll            |       |       |    11 |     9 |     8 |       ||    28
       Potion            |       |       |     2 |     1 |     2 |       ||     5
Armor: Animal skin       |     3 |       |       |       |       |       ||     3
       Chain mail        |    35 |    70 |    78 |       |       |       ||   183
       Plate armour      |       |       |    10 |   188 |   155 |     1 ||   354
       Swamp dragon scal |       |       |       |    10 |   127 |       ||   137
Dodge: Dodged            |    44 |    47 |   108 |   208 |   424 |       ||   831
